 Dungeon Crawl Stone Soup version 0.29-a0-994-gc5c9f59d18 (webtiles) character file.

Game seed: 12669655093276524961

202 vurker the Shooter (level 5, 25/47 HPs)
             Began as a Minotaur Hunter on Aug 3, 2022.
             Was an Initiate of Ashenzari.
             Quit the game on level 4 of the Dungeon.
             The game lasted 00:03:03 (3367 turns).

vurker the Shooter (Minotaur Hunter)                Turns: 3367, Time: 00:03:04

Health: 25/47      AC:  3    Str: 18    XL:     5   Next: 50%
Magic:  4/4        EV: 16    Int:  6    God:    Ashenzari [......]
Gold:   107        SH:  0    Dex: 13    Spells: 4/4 levels left

rFire   . . .      SeeInvis .   a - +0 shortbow
rCold   . . .      Faith    .   (shield currently unavailable)
rNeg    . . .      Spirit   .   c - +0 leather armour
rPois   .          Reflect  .   (helmet restricted)
rElec   .          Harm     .   (no cloak)
rCorr   .          Rampage  .   (no gloves)
Will    .....                   (no boots)
Stlth   +.........              (no amulet)
HPRegen 0.15/turn               n - +4 ring of evasion
MPRegen 0.09/turn               (no ring)

@: no status effects
A: horns 2, retaliatory headbutt
a: Renounce Religion, Curse Item


You were on level 4 of the Dungeon.
You worshipped Ashenzari.
Ashenzari was noncommittal.
You visited 1 branch of the dungeon, and saw 4 of its levels.

You collected 157 gold pieces.
You spent 50 gold pieces at shops.

Inventory:

Hand Weapons
 a - a +0 shortbow (weapon)
Armour
 c - a +0 leather armour (worn)
Jewellery
 m - a ring of ice
   (You found it on level 2 of the Dungeon)
 n - a +4 ring of evasion (left hand)
   (You found it on level 3 of the Dungeon)
Scrolls
 b - 3 scrolls of immolation
 f - 3 scrolls of teleportation
 g - 6 scrolls of identify
 l - a scroll of magic mapping
Potions
 d - 2 potions of degeneration {unknown}
 e - 5 potions of attraction {unknown}
 h - 2 potions of flight {unknown}
 i - 3 potions of magic {unknown}
 o - a potion of mutation {unknown}
 p - a potion of curing {unknown}
 q - 2 potions of haste {unknown}
 r - a potion of heal wounds {unknown}
 s - a potion of ambrosia {unknown}


   Skills:
 + Level 4.4 Fighting
 * Level 6.6 Ranged Weapons
 - Level 2.1 Dodging
 - Level 0.7 Stealth


You had 4 spell levels left.
You didn't know any spells.
Your spell library contained the following spells:

 Spells                   Type           Power      Damage    Failure   Level
 Slow                     Hex            0%         N/A       52%         1
 Confusing Touch          Hex            0%         N/A       87%         3
 Portal Projectile        Hex/Tloc       0%         N/A       87%         3
 Tukima's Dance           Hex            0%         N/A       87%         3
 Vampiric Draining        Necr           0%         2d6       87%         3
 Blade Hands              Tmut           0%         N/A       100%        5


Dungeon Overview and Level Annotations

Branches:
Dungeon (4/15)
 Temple: D:4-7

Altars:
Ashenzari
Cheibriados
Fedhas

Shops:
D:3 ?

Annotations:
D:3 1 runed translucent door, stazo's ghost, amateur DsFi


Innate Abilities, Weirdness & Mutations

You have a pair of horns on your head.
You reflexively headbutt those who attack you in melee.


Message History

Aim: a goblin, wielding a +0 dagger (moderately wounded, 56% to hit)
You shoot an arrow. The arrow closely misses the goblin.
The goblin hits you with a +0 dagger.
* * * LOW HITPOINT WARNING * * *
Fire: a) +0 shortbow
Aim: a goblin, wielding a +0 dagger (moderately wounded, 56% to hit)
You shoot an arrow. The arrow closely misses the goblin.
The goblin misses you.
Fire: a) +0 shortbow
Aim: a goblin, wielding a +0 dagger (moderately wounded, 56% to hit)
You shoot an arrow. The arrow closely misses the goblin.
The goblin completely misses you. You furiously retaliate!
You headbutt the goblin.
You kill the goblin!
Fire: a) +0 shortbow
Okay, then.
Key pressed, stopping explore.
You see here a +0 dagger.
g - 5 scrolls of identify (gained 2)
Found a fizzy golden potion.
e - 5 fizzy golden potions (gained 1)
Found a scroll of identify.
Found a scroll labelled VESMUPROINU.
g - 6 scrolls of identify (gained 1)
t - a scroll labelled VESMUPROINU
Found 4 stones.
Found a stone staircase leading up.
Found a ring mail.
An adder comes into view.
The adder hisses angrily.
You shoot an arrow. The arrow hits the adder.
You shoot an arrow. The arrow hits the adder.
You shoot an arrow. The arrow misses the adder.
You shoot an arrow. The arrow closely misses the adder.
The adder bites you but does no damage. x2
You shoot an arrow. The arrow hits the adder.
You kill the adder!
No target in view!
No target in view!
As you read the scroll labelled SISY XAONNI, it crumbles to dust.
You feel aware of your surroundings.
You sensed 1 altar.
It was a scroll of magic mapping.
As you read the scroll labelled HUMULU RENOO, it crumbles to dust.
You assume a fearsome visage.
Nothing appears to happen.
It was a scroll of fear.
As you read the scroll labelled ROTUQE RIOV, it crumbles to dust.
It is a scroll of amnesia.
You feel forgetful for a moment.
As you read the scroll labelled VESMUPROINU, it crumbles to dust.
Your body is wracked with pain!
It was a scroll of torment.

#..#,,,,,,,,,,,*,,,,,,*
##.##,,,,,,,,***,,,,,,*
,#..###,,,,,,* *,,,,,,*
,##...####,,,* ********
,.###....###############**
#.,,####.......#..<.....,*
..*##....#####.#........,*
.##...####..............,*
.#..#**.........@†...(..,*
.#.#*,,....#####......[.,*
...#,,*###,,* #########**
..##,** **,*** ).#,,*
*,,,* †.#,,********,*
.##,,,**,,,,*,**** ******
)#,,,,,*,,,,*,,,,* *,,,,*
.#****,,,,,,****,****,,,,*


There were no monsters in sight!

Vanquished Creatures
  A scorpion (D:4)
  An orc priest (D:3)
  An orc wizard (D:4)
  A mummy (D:4)
  2 adders (D:4)
  A dart slug (D:2)
  9 orcs
  2 ball pythons
  4 endoplasms
  4 giant cockroaches
  5 goblins
  4 hobgoblins
  2 quokkas
  5 bats
  3 frilled lizards
  3 kobolds
  4 rats
52 creatures vanquished.

Notes
Turn   | Place    | Note
-------+----------+-------------------------------------------
     0 | D:1      | vurker the Minotaur Hunter began the quest for the Orb.
     0 | D:1      | Reached XP level 1. HP: 18/18 MP: 0/0
   380 | D:1      | Reached XP level 2. HP: 25/25 MP: 1/1
   856 | D:2      | Reached skill level 5 in Ranged Weapons
  1423 | D:3      | Reached XP level 3. HP: 31/31 MP: 2/2
  1447 | D:3      | Found a blossoming altar of Fedhas.
  1547 | D:3      | Found Uxziuc's Magic Scroll Boutique.
  1555 | D:3      | Bought a scroll of identify for 20 gold pieces
  1555 | D:3      | Bought a scroll of teleportation for 30 gold pieces
  1747 | D:3      | Found a faded altar of an unknown god.
  1768 | D:3      | Prayed at the altar of an unknown god.
  1768 | D:3      | Became a worshipper of Ashenzari the Shackled
  1986 | D:3      | Found a runed translucent door.
  1986 | D:3      | Noticed stazo's ghost (amateur DsFi)
  2001 | D:3      | Reached XP level 4. HP: 38/38 MP: 3/3
  2656 | D:4      | Found a snail-covered altar of Cheibriados.
  2751 | D:4      | Noticed a scorpion
  2760 | D:4      | Killed a scorpion
  2761 | D:4      | Reached skill level 6 in Ranged Weapons
  2761 | D:4      | Reached XP level 5. HP: 46/46 MP: 4/4
  3367 | D:4      | Quit the game

Illustrated notes

Levels and vault maps discovered:
D:1:      matt_arrival_diagonals, layout_loops_ring
D:2:      layout_basic
D:3:      layout_basic, fedhas_ov_isle_minmay, serial_shops,
          nicolae_square_shop, hellmonk_ecumenical_altar_zigzags,
          hellmonk_ghost_happy_afterlife
D:4:      minmay_general_purpose_star, layout_rooms,
          yredelemnul_forgotten_temple_becter, slow_altar_1

Skill      XL: |  1  2  3  4 |
---------------+-------------+-----
Fighting       | 3 4 |  4.4
Ranged Weapons | 5 6 |  6.6
Dodging        | |  2.1
Stealth        | |  0.7

Action                   |  1- 3 |  4- 6 || total
-------------------------+-------+-------++-------
Melee: Shortbow          |       |     4 ||     4
       Headbutt          |       |     1 ||     1
 Fire: Shortbow          |    87 |    80 ||   167
  Use: Scroll            |       |     4 ||     4
Armor: Leather armour    |    12 |     8 ||    20
Dodge: Dodged            |    29 |    37 ||    66

Table legend: (Time is in decaauts)
 A = Elapsed time spent in this place.
 B = Non-inter-level travel time spent in this place.
 C = Inter-level travel time spent in this place.
 D = Time resting spent in this place.
 E = Time spent auto-exploring this place.
 F = Levels seen in this place.
 G = Mean time per level.
                   A        B        C        D        E       F      G
               +--------+--------+--------+--------+--------+-----+--------+
         Total |   3410 |   3352 |     58 |      0 |   2938 |   4 |  852.5 |
       Dungeon |   3410 |   3352 |     58 |      0 |   2938 |   4 |  852.5 |
               +--------+--------+--------+--------+--------+-----+--------+

Top non-repeatable levels by time:
     D:3: 1258 daAuts
     D:1: 744 daAuts
     D:4: 726 daAuts
     D:2: 680 daAuts
